 Dungeon Crawl Stone Soup version 0.30-a0-778-g2ef04afb54 (console) character file.

Game seed: 11397644238798219690

501 rlgrobin the Cleaver (level 7, -1/57 HPs)
             Began as a Meteoran Fighter on Feb 17, 2023.
             Splashed by a jelly's acid (5 damage)
             ... on level 5 of the Dungeon.
             The game lasted 00:04:23 (784 turns).

rlgrobin the Cleaver (Meteoran Fighter)              Turns: 784, Time: 00:04:23

Health: -1/57      AC:  8    Str: 16 (19) XL:     7   Next: 68%
Magic:  8/8        EV:  8    Int:  7 (10) God:
Gold:   47         SH:  5    Dex: 13 (14) Spells: 6/6 levels left

rFire   . . .      SeeInvis .    a - +0 war axe
rCold   . . .      Faith    +    c - +0 buckler
rNeg    . . .      Spirit   .    b - +0 scale mail
rPois   .          Reflect  .    o - +0 helmet
rElec   .          Harm     .    (no cloak)
rCorr   .          Rampage  .    (no gloves)
Will    .....                    (no boots) Stlth
                                 f - amulet of faith
HPRegen 0.29/turn                (no ring)
MPRegen 0.11/turn                (no ring)

@: weakened, hasted, glowing, very quick
A: sense surroundings 1, otherworldly, glowing, explore regen
a: no special abilities


You were on level 5 of the Dungeon.
You visited 1 branch of the dungeon, and saw 6 of its levels.
You also visited: Sewer.

You collected 47 gold pieces.

Inventory:

Hand Weapons
 a - a +0 war axe (weapon)
Armour
 b - a +0 scale mail (worn)
 c - a +0 buckler (worn)
 o - a +0 helmet (worn)
Jewellery
 f - an amulet of faith (around neck)
Scrolls
 h - a scroll of poison {unknown}
 j - a scroll of summoning
 l - 2 scrolls of identify {unknown}
 m - a scroll of noise {unknown}
 n - a scroll of teleportation {unknown}
 p - a scroll of immolation {unknown}
Potions
 e - 2 potions of degeneration
 i - a potion of haste


   Skills:
 - Level 3.2 Fighting
 + Level 9.1 Axes
 - Level 3.6 Armour
 - Level 3.6 Shields


You had 6 spell levels left.
You didn't know any spells.
Your spell library contained the following spells:

 Spells                   Type           Power      Damage    Failure   Level
 Petrify                  Tmut/Erth      0%         N/A       100%        4
 Metabolic Englaciation   Hex/Ice        0%         N/A       100%        5
 Statue Form              Tmut/Erth      0%         N/A       100%        6


Dungeon Overview and Level Annotations

Branches:
Dungeon (6/15) Zot: 3116    Sewer (visited)
 Temple: D:4-7

Altars:

Shops:
D:4 !


Innate Abilities, Weirdness & Mutations

You passively map a small area around you.
You are easily found by Zot.
You glow in the dark.
You regain HP and MP as you explore.


Message History

* * * LOW HITPOINT WARNING * * *
The hound bites you.
* * * LOW HITPOINT WARNING * * *
You closely miss the gnoll bouda.
The gnoll bouda is heavily wounded.
You hit the hound.
You kill the hound!
You hit the gnoll bouda.
The gnoll bouda is severely wounded.
The gnoll bouda hits you with a +0 whip.
* * * LOW HITPOINT WARNING * * *
You hit the gnoll bouda but do no damage.
The gnoll bouda is severely wounded.
The gnoll bouda gazes fiercely through you!
You feel your attacks grow feeble.
The gnoll bouda hits you but does no damage.
You hit the gnoll bouda but do no damage.
The gnoll bouda is severely wounded.
The gnoll bouda closely misses you.
You slash the gnoll bouda!
You kill the gnoll bouda!
Your life force feels restored.
Your Axes skill increases to level 9!
The gnoll hits you but does no damage.
Items here: )) [ †.
You barely miss the gnoll. The gnoll hits you with a +0 whip.
* * * LOW HITPOINT WARNING * * *
You closely miss the gnoll. You hit the gnoll but do no damage.
The gnoll hits you with a +0 whip.
* * * LOW HITPOINT WARNING * * *
Something unseen opens the door.
You hit the gnoll.
The gnoll is moderately wounded.
You block the gnoll's attack.
An orc comes into view. It is wielding a +0 hand axe.
The orc shouts!
You slash the gnoll!
You kill the gnoll!
You slash the jelly!
Your hands burn!
You die...

, #...#.. ##.#, ,,
, , ##?..., #..# *
#....# ##..# , #?
#....# ###...# > ,
#...#....####.....#
,
..........g.......#
.
#######.###########
...
#.(##########...# *
, ##$...J.J@.†...o'
############...# ,
, , .#, , *,, , * ,
, , , , *,, , * , *


You could see 2 jellies and an orc.

Vanquished Creatures
  2 bullfrogs (Sewer)
  A scorpion (D:4)
  A gnoll bouda (D:5)
  A hound (D:5)
  2 iguanas (D:4)
  2 gnolls (D:5)
  10 adders
  4 river rats (Sewer)
  5 orcs
  A bat (D:1)
  4 endoplasms
  A giant cockroach (D:3)
  2 hobgoblins
  2 jackals (D:4)
  A kobold (D:3)
  2 quokkas (D:4)
  14 ball pythons
  A frilled lizard (Sewer)
  A goblin (D:1)
  20 rats
77 creatures vanquished.

Notes
Turn   | Place    | Note
-------+----------+-------------------------------------------
     0 | D:1      | rlgrobin the Meteoran Fighter began the quest for the Orb.
     0 | D:1      | Reached XP level 1. HP: 19/19 MP: 2/2
    70 | D:1      | Reached skill level 3 in Axes
    70 | D:1      | Reached XP level 2. HP: 26/26 MP: 3/3
   109 | D:3      | Reached skill level 4 in Axes
   109 | D:3      | Reached XP level 3. HP: 27/31 MP: 4/4
   116 | D:3      | Found a glowing drain.
   135 | D:3      | Reached XP level 4. HP: 34/38 MP: 5/5
   140 | Sewer    | Entered a sewer
   181 | Sewer    | Reached skill level 5 in Axes
   186 | Sewer    | Reached XP level 5. HP: 18/45 MP: 6/6
   319 | Sewer    | Reached skill level 6 in Axes
   399 | Sewer    | Noticed a bullfrog
   403 | Sewer    | Noticed a bullfrog
   407 | Sewer    | Reached XP level 6. HP: 37/51 MP: 7/7
   412 | Sewer    | Reached skill level 7 in Axes
   483 | D:4      | Reached skill level 8 in Axes
   483 | D:4      | Reached XP level 7. HP: 56/57 MP: 8/8
   589 | D:4      | Found Giekhoz's Distillery.
   610 | D:4      | Identified the +1 leather armour of Apathy {Fly rF- rC+}
   659 | D:5      | Entered Level 5 of the Dungeon
   777 | D:5      | Reached skill level 9 in Axes
   784 | D:5      | Splashed by a jelly's acid

Illustrated notes

Levels and vault maps discovered:
D:1:      lightli_arrival_quake, layout_basic,
          hellmonk_ecumenical_altar_watching_god
D:2:      layout_basic, serial_shops, shop, basic_altar, serial_bayou_pond_c,
          dk_vineyard_2, minmay_close_crescents, uniq_terence
D:3:      layout_loops_ring, gup_sewer_entry_glass, minivault_19
D:4:      layout_rooms, serial_shops, nicolae_take_the_stairs,
          chequers_serial_rivers_large_b
D:5:      minmay_recursive_quarters, layout_basic,
          minmay_temple_entry_sparse_star
D:6:      layout_gridville

Skill      XL: |  1  2  3  4  5  6  7 |
---------------+----------------------+-----
Axes           | 3 4 5 6 8 9 |  9.1
Fighting       | |  3.2
Armour         | |  3.6
Shields        | |  3.6

Action                     |  1- 3 |  4- 6 |  7- 9 || total
---------------------------+-------+-------+-------++-------
  Melee: War axe           |    34 |    90 |    84 ||   208
    Use: Scroll            |       |     3 |       ||     3
         Potion            |       |     1 |     6 ||     7
 Armour: Scale mail        |    23 |    92 |    19 ||   134
  Dodge: Dodged            |    17 |    60 |    18 ||    95
  Block: Buckler           |     5 |    51 |    17 ||    73

Table legend: (Time is in decaauts)
 A = Elapsed time spent in this place.
 B = Non-inter-level travel time spent in this place.
 C = Inter-level travel time spent in this place.
 D = Time resting spent in this place.
 E = Time spent auto-exploring this place.
 F = Levels seen in this place.
 G = Mean time per level.
                   A        B        C        D        E       F      G
               +--------+--------+--------+--------+--------+-----+--------+
         Total |    858 |    858 |      0 |      0 |      0 |   7 |  122.6 |
       Dungeon |    483 |    483 |      0 |      0 |      0 |   6 |   80.5 |
         Sewer |    374 |    374 |      0 |      0 |      0 |   1 |  374.0 |
               +--------+--------+--------+--------+--------+-----+--------+

Top non-repeatable levels by time:
   Sewer: 374 daAuts
     D:4: 183 daAuts
     D:3: 105 daAuts
     D:5: 103 daAuts
     D:1: 75 daAuts
     D:2: 11 daAuts
     D:6: 3 daAuts
